 Dungeon Crawl Stone Soup version 0.29-a0-520-gc852659d43 (webtiles) character file.

Game seed: 17811214801346516657

38830 kyalle the Warrior (level 13, -6/127 HPs)
             Began as a Minotaur Fighter on May 29, 2022.
             Was a Priest of the Shining One.
             Mangled by a red draconian
             ... wielding a +2 great sword of flaming
              (12 damage)
             ... in a volcano on May 31, 2022.
             The game lasted 01:15:23 (10687 turns).

kyalle the Warrior (Minotaur Fighter)              Turns: 10687, Time: 01:15:24

Health: -6/127     AC: 28    Str: 31    XL:     13   Next: 65%
Magic:  12/12      EV:  5    Int:  7    God:    the Shining One [***...]
Gold:   740        SH: 13    Dex: 19    Spells: 12/12 levels left

rFire   . . .      SeeInvis .   j - +5 short sword (freeze)
rCold   + . .      Faith    .   t - +0 kite shield
rNeg    + . .      Spirit   .   x - +1 crystal plate armour of Courage {rC+}
rPois   +          Reflect  .   (helmet unavailable)
rElec   .          Harm     .   s - +2 cloak {rPois}
rCorr   .          Rampage  .   r - +0 pair of gloves
Will    .....                   k - +0 pair of boots
Stlth   ..........              u - amulet of Icakhlel {RegenMP +Blink rPois Regen+}
HPRegen 1.11/turn               I - +6 ring of dexterity
MPRegen 0.53/turn               K - +6 ring of strength

@: hasted, glowing, very quick
A: horns 3, retaliatory headbutt, talons 1, thin skeletal structure 1, clever 1
a: Renounce Religion, Evoke Blink, Divine Shield, Cleansing Flame


You were in a volcano.
You worshipped the Shining One.
The Shining One was most pleased with you.
You visited 3 branches of the dungeon, and saw 14 of its levels.
You also visited: Sewer and Volcano.

You collected 740 gold pieces.

Inventory:

Hand Weapons
 a - a +0 long sword
 b - a +3 trident of flaming
 h - a +2 whip of protection
 j - a +5 short sword of freezing (weapon)
 w - a +3 mace of protection
 C - the +12 dagger of Melee {freeze, +Blink rElec rC- rCorr}
   (You found it on level 8 of the Dungeon)

   It freezes those it strikes, dealing additional cold damage.
   It can also slow down cold-blooded creatures.
   rC:        It makes you vulnerable to cold.
   rElec:     It insulates you from electricity.
   +Blink:    It lets you blink.
   rCorr:     It protects you from acid and corrosion.
 S - a +3 falchion of freezing
Missiles
 c - a throwing net
 l - 6 javelins (quivered)
 W - 6 silver javelins
Armour
 k - a +0 pair of boots (worn)
 r - a +0 pair of gloves (worn)
 s - a +2 cloak of poison resistance (worn)
 t - a +0 kite shield (worn)
 x - the +1 crystal plate armour of Courage (worn) {rC+}
   (You acquired it on level 9 of the Dungeon)

   rC:        It protects you from cold.
 O - a +2 hat
Jewellery
 i - the amulet of Xiergh {Regen+ SInv}
   (You found it on level 3 of the Dungeon)

   [amulet of regeneration]

   SInv:      It lets you see invisible.
   Regen:     It increases your rate of health regeneration.
 u - the amulet of Icakhlel (around neck) {RegenMP +Blink rPois Regen+}
   (You found it on level 2 of the Lair of Beasts)

   [amulet of magic regeneration]

   It increases your rate of magic regeneration.
   rPois:     It protects you from poison.
   +Blink:    It lets you blink.
   Regen:     It increases your rate of health regeneration.
 G - a ring of wizardry
 I - a +6 ring of dexterity (left hand)
 K - a +6 ring of strength (right hand)
 Q - a +4 ring of evasion
Wands
 q - a wand of iceblast (20)
 y - a wand of digging (2)
 M - a wand of paralysis (15)
Scrolls
 e - 3 scrolls of fog
 g - 4 scrolls of poison
 v - a scroll of blinking
 A - a scroll of amnesia
 B - 2 scrolls of brand weapon
 J - 5 scrolls of teleportation
 R - a scroll of fear
Potions
 d - 3 potions of might
 f - 6 potions of curing
 m - 2 potions of ambrosia
 n - 3 potions of mutation
 o - 3 potions of degeneration {unknown}
 p - 4 potions of lignification
 z - 3 potions of haste
 D - a potion of brilliance
 E - 4 potions of resistance
 F - 2 potions of magic
 N - a potion of flight
 U - a potion of invisibility


   Skills:
 * Level 15.4 Fighting
 - Level 12.0(12.2) Short Blades
 - Level 2.7(8.9) Long Blades
 - Level 0.3 Maces & Flails
 * Level 12.5 Polearms
 + Level 11.3 Armour
 + Level 11.3 Shields


You had 12 spell levels left.
You didn't know any spells.
Your spell library contained the following spells:

 Spells                   Type           Power      Damage    Failure   Level
 Static Discharge         Conj/Air       0%         N/A       100%        2
 Dazzling Flash           Conj/Hex       0%         N/A       100%        3
 Inner Flame              Hex/Fire       0%         N/A       100%        3
 Cause Fear               Hex            0%         N/A       100%        4
 Dispel Undead            Necr           0%         3d6       100%        4
 Sticky Flame             Conj/Fire      0%         2d3       100%        4
 Agony                    Necr           0%         N/A       100%        5
 Silence                  Hex/Air        0%         N/A       100%        5
 Discord                  Hex            0%         N/A       100%        8


Dungeon Overview and Level Annotations

Branches:
Dungeon (9/15)             Temple (1/1) D:6            Lair (4/6) D:8
 Shoals (0/4) Lair:2        Snake (0/4) Lair:2        Sewer (visited)
Volcano (1/1)
    Orc: D:9-12

Altars:
Ashenzari
Dithmenos
Elyvilon
Fedhas
Gozag
Hepliaklqana
Kikubaaqudgha
Makhleb
Nemelex Xobeh
Okawaru
Qazlal
Sif Muna
Uskayaw
Vehumet
Wu Jian
Xom
Zin
The Shining One

Annotations:
Lair:4 Nergalle


Innate Abilities, Weirdness & Mutations

You have a pair of large horns on your head.
You reflexively headbutt those who attack you in melee.
You have sharp toenails.
You have a somewhat thin skeletal structure. (Dex +2, Stealth+)
Your mind is acute. (Int +2)


Message History

You hit the red draconian. You freeze the red draconian.
The red draconian is lightly wounded.
You block the red draconian's attack.
You hit the red draconian but do no damage.
The red draconian is lightly wounded.
You feel much better. The red draconian breathes fire at you.
The searing blast hits you.
* * * LOW HITPOINT WARNING * * *
You completely miss the red draconian.
The red draconian is lightly wounded.
You hit the red draconian. You freeze the red draconian.
You headbutt the red draconian, but do no damage.
The red draconian is lightly wounded.
The red draconian hits you with a +2 great sword of flaming!
* * * LOW HITPOINT WARNING * * *
The red draconian burns you.
* * * LOW HITPOINT WARNING * * *
You puncture the red draconian!
The red draconian seems to slow down.
You freeze the red draconian.
The red draconian is moderately wounded.
You hit the red draconian but do no damage.
You headbutt the red draconian.
The red draconian is moderately wounded.
You hit the red draconian but do no damage.
You headbutt the red draconian.
The red draconian is moderately wounded.
The red draconian breathes fire at you. The searing blast hits you!
* * * LOW HITPOINT WARNING * * *
You hit the red draconian but do no damage.
The red draconian is moderately wounded.
You hit the red draconian but do no damage.
The red draconian is moderately wounded.
The red draconian is no longer moving slowly.
You hit the red draconian but do no damage.
Your headbutt misses the red draconian.
The red draconian is moderately wounded.
The red draconian hits you with a +2 great sword of flaming!
You die...

##### ##...## #
#..8..#....≈≈≈§§≈§≈≈
#.##.....#....≈≈≈≈§≈≈§≈
#?[8°....# #...≈≈≈≈≈§§≈
#$.#..⌠..# #...≈≈§§≈§≈
#$)##.@)## #..§§≈§≈≈≈
##'####d## ###..§≈≈≈≈≈≈
##..d.#.))###8...§§§≈§≈§
#.._..'.∩.'.....§..≈≈≈≈≈
##....#...###8......≈≈≈§
#+#####+## ###......§§§
#####..§.. ######


You could see a red draconian (invisible, catching breath).

Vanquished Creatures
  Kirke (Lair:4)
  2 hydras
  An ogre mage (Volcano)
  3 two-headed ogres (Volcano)
  11 death yaks
  Sonja (Lair:4)
  Amaemon (Lair:3)
  The ghost of logorrheac the Protected, a novice GnWn of Makhleb (D:7)
  A manticore (Lair:2)
  A molten gargoyle (Volcano)
  An orange demon (Lair:3)
  A torpor snail (Lair:2)
  2 black mambas
  8 cane toads
  2 komodo dragons
  A tengu conjurer (D:7)
  A wind drake (Lair:2)
  13 blink frogs
  Sigmund (D:3)
  16 yaks
  3 wyverns
  4 fire bats (Volcano)
  2 basilisks
  2 steam dragons
  A hog (Lair:4)
  2 nagas (Lair:2)
  7 water moccasins
  An orc warrior (D:6)
  A black bear (Lair:3)
  2 sky beasts
  2 ice beasts
  An ogre (D:4)
  2 centaurs (D:7)
  7 wolves
  3 kobold brigands
  12 bullfrogs
  A gnoll sergeant (D:7)
  2 scorpions
  10 wights
  3 killer bees (D:8)
  2 electric eels (Lair:2)
  A howler monkey (D:5)
  4 crimson imps (D:7)
  3 lava snakes (Volcano)
  4 jellies
  A gnoll shaman (D:7)
  8 orc priests
  2 hounds
  Crazy Yiuf (D:2)
  2 iguanas
  12 orc wizards
  Natasha (D:3)
  10 adders
  12 gnolls
  A shadow imp (D:6)
  3 white imps
  3 dart slugs
  A worm (D:2)
  38 orcs
  8 bats
  7 endoplasms
  5 giant cockroaches
  12 goblins
  3 hobgoblins
  5 jackals
  21 kobolds
  2 quokkas
  7 ball pythons
  3 frilled lizards
  7 rats
  A bush (Lair:2)
327 creatures vanquished.

Vanquished Creatures (others)
  2 humans (Lair:4)
  7 fungi
  24 plants
33 creatures vanquished.

Grand Total: 360 creatures vanquished

Notes
Turn   | Place    | Note
-------+----------+-------------------------------------------
     0 | D:1      | kyalle the Minotaur Fighter began the quest for the Orb.
     0 | D:1      | Reached XP level 1. HP: 19/19 MP: 0/0
    87 | D:1      | You fall into a shaft and drop 1 floor!
   328 | D:1      | Reached XP level 2. HP: 27/27 MP: 1/1
   603 | D:1      | Reached skill level 4 in Fighting
  1408 | D:2      | Reached skill level 1 in Short Blades
  1418 | D:2      | Reached XP level 3. HP: 18/33 MP: 2/2
  1689 | D:2      | Found a runed translucent door.
  1690 | D:2      | Noticed Crazy Yiuf
  1695 | D:2      | Killed Crazy Yiuf
  1736 | D:2      | Reached XP level 4. HP: 41/41 MP: 3/3
  2256 | D:3      | Identified the amulet of Xiergh {Regen+ SInv}
  2647 | D:3      | Noticed Natasha
  2655 | D:3      | Reached XP level 5. HP: 40/47 MP: 4/4
  2666 | D:3      | Killed Natasha
  2667 | D:3      | Reached skill level 5 in Fighting
  2879 | D:3      | Noticed Sigmund
  2886 | D:3      | Killed Sigmund
  2887 | D:3      | Reached XP level 6. HP: 56/56 MP: 5/5
  3165 | D:4      | Reached skill level 6 in Fighting
  3165 | D:4      | Reached skill level 5 in Armour
  3165 | D:4      | Reached skill level 5 in Shields
  3254 | D:4      | Reached XP level 7. HP: 53/63 MP: 6/6
  3753 | D:5      | Entered Level 5 of the Dungeon
  3786 | D:5      | Found a glowing drain.
  3803 | Sewer    | Entered a sewer
  3968 | Sewer    | Reached skill level 5 in Short Blades
  4033 | Sewer    | Reached skill level 7 in Fighting
  4206 | D:5      | Noticed a wyvern
  4221 | D:5      | Reached XP level 8. HP: 40/73 MP: 7/7
  4619 | D:6      | Found a sparkling altar of Nemelex Xobeh.
  4629 | D:6      | Reached skill level 8 in Fighting
  4718 | D:6      | Found a staircase to the Ecumenical Temple.
  4739 | Temple   | Entered the Ecumenical Temple
  4749 | Temple   | Became a worshipper of the Shining One
  5221 | D:6      | Reached XP level 9. HP: 82/82 MP: 8/8
  5378 | D:6      | Reached skill level 9 in Fighting
  5449 | D:7      | Found a transporter.
  5449 | D:7      | Noticed a tengu conjurer
  5451 | D:7      | Found a transporter.
  5453 | D:7      | Noticed logorrheac's ghost (novice GnWn)
  5544 | D:7      | Found a shimmering altar of Xom.
  5545 | D:7      | Reached * piety under the Shining One
  5573 | D:7      | Found an ornate altar of the Wu Jian Council.
  5709 | D:7      | Found a blossoming altar of Fedhas.
  5709 | D:7      | Found a stormy altar of Qazlal.
  5772 | D:7      | Reached skill level 10 in Fighting
  5807 | D:7      | Found a hide-covered altar of Uskayaw.
  5964 | D:7      | Killed a tengu conjurer
  5975 | D:7      | Killed logorrheac's ghost
  5976 | D:7      | Reached XP level 10. HP: 30/94 MP: 9/9
  6087 | D:7      | Found a radiant altar of Vehumet.
  6490 | D:8      | Found a shimmering blue altar of Sif Muna.
  6559 | D:8      | Reached ** piety under the Shining One
  6574 | D:8      | Reached skill level 11 in Fighting
  6598 | D:8      | Identified the +12 dagger of Melee {freeze, +Blink rElec
                  | rC- rCorr}
  6677 | D:8      | Found a staircase to the Lair.
  6677 | D:8      | Noticed a death yak
  6679 | D:8      | Noticed a death yak
  6680 | D:8      | Noticed a death yak
  6713 | D:8      | Killed a death yak
  6731 | D:8      | Killed a death yak
  6732 | D:8      | Reached skill level 10 in Short Blades
  6737 | D:8      | Killed a death yak
  6741 | D:8      | Reached skill level 12 in Fighting
  7325 | Lair:1   | Entered Level 1 of the Lair of Beasts
  7335 | Lair:1   | Noticed a cane toad
  7343 | Lair:1   | Killed a cane toad
  7344 | Lair:1   | Reached XP level 11. HP: 104/104 MP: 10/10
  8265 | D:9      | Identified a scroll of acquirement
  8265 | D:9      | Acquired the +1 crystal plate armour of Courage {rC+}
  8289 | D:8      | Gained mutation: Your magical capacity is low. (-10% MP)
                  | [potion of mutation]
  8290 | D:8      | Lost mutation: Your magical capacity is low. (-10% MP)
                  | [potion of mutation]
  8290 | D:8      | Gained mutation: You have sharp toenails. [potion of
                  | mutation]
  8290 | D:8      | Gained mutation: You sometimes lose the ability to read
                  | scrolls when taking damage. [potion of mutation]
  8290 | D:8      | Gained mutation: You have sharp fingernails. [potion of
                  | mutation]
  8291 | D:8      | Lost mutation: You have sharp fingernails. [potion of
                  | mutation]
  8291 | D:8      | Lost mutation: You sometimes lose the ability to read
                  | scrolls when taking damage. [potion of mutation]
  8291 | D:8      | Gained mutation: You have a somewhat thin skeletal
                  | structure. (Dex +2, Stealth+) [potion of mutation]
  8291 | D:8      | Gained mutation: You have a pair of large horns on your
                  | head. [potion of mutation]
  8291 | D:8      | Gained mutation: Your mind is acute. (Int +2) [potion of
                  | mutation]
  8349 | Lair:2   | Identified the amulet of Icakhlel {RegenMP +Blink rPois
                  | Regen+}
  8468 | Lair:1   | Reached skill level 10 in Polearms
  8468 | Lair:1   | Reached XP level 12. HP: 113/113 MP: 11/11
  8478 | Lair:2   | Found a staircase to the Snake Pit.
  8507 | Lair:2   | Reached skill level 13 in Fighting
  8617 | Lair:2   | Found a staircase to the Shoals.
  8680 | Lair:2   | Noticed a death yak
  8694 | Lair:2   | Noticed a death yak
  8705 | Lair:2   | Killed a death yak
  8706 | Lair:2   | Reached skill level 10 in Armour
  8719 | Lair:2   | Killed a death yak
  8720 | Lair:2   | Reached skill level 10 in Shields
  9401 | Lair:3   | Noticed a seven-headed hydra
  9425 | Lair:2   | Killed a seven-headed hydra
  9561 | Lair:3   | Reached skill level 14 in Fighting
  9619 | Lair:3   | Reached XP level 13. HP: 124/124 MP: 12/12
  9831 | Lair:3   | Noticed Amaemon
  9831 | Lair:3   | Reached *** piety under the Shining One
  9846 | Lair:3   | Killed Amaemon
 10130 | Lair:4   | Noticed Sonja
 10137 | Lair:4   | Killed Sonja
 10158 | Lair:4   | Noticed Kirke
 10280 | Lair:4   | Noticed a sphinx
 10333 | Lair:4   | Killed Kirke
 10334 | Lair:4   | Reached skill level 15 in Fighting
 10430 | Lair:4   | Noticed Nergalle
 10454 | Lair:3   | Upgraded the game from 0.29-a0-512-gf59ac788ac to
                  | 0.29-a0-520-gc852659d43
 10497 | Lair:4   | Found a dark tunnel.
 10504 | Volcano  | Entered a volcano
 10607 | Volcano  | Noticed a red draconian
 10634 | Volcano  | Found a burning altar of Makhleb.
 10684 | Volcano  | HP: 5/127 [red draconian/searing blast (15)]
 10687 | Volcano  | Mangled by a red draconian

Illustrated notes

Levels and vault maps discovered:
D:1:      dpeg_arrival_radiant, layout_basic
D:2:      layout_rooms, uniq_crazy_yiuf_cottage
D:3:      layout_basic, uniq_sigmund, uniq_natasha
D:4:      layout_layer_cave
D:5:      layout_layer_cave, portal_sewer_entry_f
D:6:      layout_rooms, mainiacjoe_overflow_brackets, minmay_temple_entry_tees,
          lemuel_old_faithful
D:7:      layout_basic, grunt_temple_overflow_forces_of_nature, led_xom_imps,
          nicolae_wu_jian_wuxing_cycle, mainiacjoe_overflow_six_doors_small,
          mainiacjoe_overflow_24_doors, gammafunk_ghost_arena
D:8:      layout_loops_cross, mainiacjoe_overflow_small_starburst,
          dpeg_lair_monsters
D:9:      layout_loops_cross, tgw_trog, mainiacjoe_overflow_large_starburst,
          uniq_erolcha
Temple:   chequers_temple_sunken
Lair:1:   layout_cave_pods, grunt_megastairs_3
Lair:2:   layout_loops_ring, minmay_shoals_entry_beasts,
          guppyfry_snake_entry_garden, serial_bayou_shore_a
Lair:3:   layout_big_grid, grunt_megastairs_2, infiniplex_staircase_pool_2,
          lemuel_fruit_tree, uniq_amaemon
Lair:4:   layout_roguey, enter_volcano_4, uniq_sonja, uniq_josephine,
          uniq_kirke, uniq_nergalle
Volcano:  volcano_grotto [vgs_many_chambers]

Skill      XL: |  1  2  3  4  5  6  7  8  9 10 11 12 13 |
---------------+----------------------------------------+-----
Fighting       | 4 5 6 7 8 10 12 14 15 | 15.4
Short Blades   | 1 2 3 4 5 7 9 10 11 12 | 12.0
Armour         | 4 5 6 8 9 10 11 | 11.3
Shields        | 4 5 6 7 9 10 11 | 11.3
Polearms       | 10 12 | 12.5
Long Blades    | |  2.7
Maces & Flails | |  0.3

Action                   |  1- 3 |  4- 6 |  7- 9 | 10-12 | 13-15 || total
-------------------------+-------+-------+-------+-------+-------++-------
Melee: Long sword        |    15 |       |       |       |       ||    15
       Whip              |     4 |       |       |       |       ||     4
       Headbutt          |     6 |    13 |    74 |   137 |    73 ||   303
       Short sword       |    44 |   113 |   358 |   281 |    77 ||   873
       Mace              |       |       |       |    46 |       ||    46
       Trident           |       |       |       |    80 |   103 ||   183
Evoke: Wand              |       |       |       |     2 |       ||     2
  Use: Scroll            |       |     8 |     8 |    13 |     1 ||    30
       Potion            |       |       |     1 |     6 |     6 ||    13
Armor: Scale mail        |    30 |       |       |       |       ||    30
       Plate armour      |       |    57 |   253 |    86 |       ||   396
       Crystal plate arm |       |       |       |   101 |   118 ||   219
Dodge: Dodged            |    30 |    28 |    87 |    55 |    31 ||   231
Block: Buckler           |    11 |       |       |       |       ||    11
       Kite shield       |       |    44 |   216 |   150 |   111 ||   521

Table legend: (Time is in decaauts)
 A = Elapsed time spent in this place.
 B = Non-inter-level travel time spent in this place.
 C = Inter-level travel time spent in this place.
 D = Time resting spent in this place.
 E = Time spent auto-exploring this place.
 F = Levels seen in this place.
 G = Mean time per level.
                   A        B        C        D        E       F      G
               +--------+--------+--------+--------+--------+-----+--------+
         Total |  10647 |   9938 |    709 |    399 |   5445 |  16 |  665.4 |
       Dungeon |   6905 |   6511 |    394 |    205 |   4181 |   9 |  767.2 |
        Temple |    265 |    225 |     40 |      0 |    218 |   1 |  265.0 |
          Lair |   3034 |   2759 |    275 |    194 |    925 |   4 |  758.5 |
         Sewer |    293 |    293 |      0 |      0 |    120 |   1 |  293.0 |
       Volcano |    148 |    148 |      0 |      0 |      0 |   1 |  148.0 |
               +--------+--------+--------+--------+--------+-----+--------+

Top non-repeatable levels by time:
     D:1: 1132 daAuts
     D:3: 1111 daAuts
  Lair:2: 1086 daAuts
     D:7: 977 daAuts
  Lair:1: 942 daAuts
     D:8: 929 daAuts
     D:2: 792 daAuts
     D:4: 735 daAuts
  Lair:3: 712 daAuts
     D:5: 675 daAuts
     D:6: 527 daAuts
  Lair:4: 293 daAuts
   Sewer: 293 daAuts
  Temple: 265 daAuts
 Volcano: 148 daAuts
